Map: [ESL] Site Delta

Players

Scarlett - Winner!

  • Race: Zerg Zerg
  • Spawn Location: 11:00

Highdra

  • Race: Protoss Protoss
  • League: Grandmaster
  • Spawn Location: 5:00

Event: HomeStory Cup XXIV

VOD

Have the link to the VOD?

Description

Time

  • Played on: Dec. 2, 2023, 1:22 p.m.
  • Length: 11:14

All games in this series

Show
View Real Time Build Order
Export as new Build Order

Scarlett Zerg - Winner!

Build Orders: Hatch First 

Get SALT Encoding   

  12  0:00  Drone  
  13  0:12  Overlord  
  13  0:17  Drone  
  14  0:31  Drone x2  
  16  0:42  Drone  
  17  0:51  Hatchery  
  17  0:54  Drone  
  17  0:58  Drone  
  18  1:09  Extractor  
  17  1:13  Spawning Pool  
  17  1:15  Drone  
  17  1:19  Drone  
  18  1:28  Drone  
  20  1:40  Drone  
  20  1:49  Overlord  
  20  1:59  Queen  
  22  2:03  Zergling x2, Drone, Queen  
  26  2:11  Zergling x2, Metabolic Boost  
  26  2:14  Drone  
  28  2:22  Drone  
  29  2:24  Drone  
  30  2:34  Drone  
  31  2:39  Hatchery  
  30  2:44  Queen  
  30  2:48  Zergling x2  
  30  2:50  Overlord  
  33  2:54  Zergling x2  
  33  2:55  Zergling x2  
  35  2:58  Drone  
  36  3:08  Queen, Overlord  
  38  3:14  Drone x3  
  39  3:29  Drone x4, Queen  
  45  3:39  Drone  
  45  3:40  Drone x3, Overlord  
  49  3:49  Overlord  
  49  3:50  Queen  
  49  3:54  Drone x3  
  53  4:09  Drone x3, Overlord  
  56  4:10  Drone x3  
  56  4:13  Spore Crawler  
  58  4:17  Drone x3  
  58  4:21  Drone  
  58  4:24  Roach Warren  
  61  4:28  Lair  
  61  4:29  Drone x2  
  63  4:34  Drone x3  
  63  4:37  Extractor  
  63  4:38  Drone x2  
  67  4:41  Drone x3  
  67  4:45  Extractor  
  68  4:53  Drone x9  
  68  4:55  Overlord  
  76  5:00  Pneumatized Carapace  
  76  5:01  Overlord x2  
  76  5:05  Overlord  
  76  5:06  Overlord  
  76  5:08  Extractor  
  76  5:10  Spore Crawler  
  74  5:15  Spore Crawler  
  74  5:19  Roach x4  
  81  5:23  Drone  
  81  5:24  Roach x2  
  86  5:36  Zergling x16, Roach x2  
  97  5:53  Zergling x16  
  97  5:54  Ravager x2  
  107  5:57  Hatchery  
  107  5:59  Zergling x8, Ravager  
  107  6:03  Zergling x2  
  112  6:04  Ravager  
  112  6:05  Overlord  
  112  6:06  Overlord  
  113  6:12  Zergling x2  
  113  6:14  Zergling x2  
  113  6:18  Overlord x2  
  109  6:36  Roach x8, Queen x2  
  109  6:37  Queen  
  131  6:45  Zergling x8  
  133  6:49  Roach x3  
  133  6:53  Glial Reconstitution, Roach x2  
  128  7:02  Roach x3  
  128  7:05  Roach  
  130  7:08  Queen  
  130  7:14  Roach x2, Evolution Chamber, Hatchery  
  127  7:16  Roach  
  127  7:19  Roach x2  
  130  7:27  Drone x7  
  136  7:47  Spore Crawler  
  136  7:48  Zergling x20  
  136  7:49  Zerg Melee Weapons Level 1  
  143  7:53  Evolution Chamber  
  135  8:02  Drone  
  135  8:03  Drone x11  
  144  8:08  Extractor  
  144  8:10  Baneling Nest  
  144  8:11  Drone x2  
  144  8:13  Extractor  
  144  8:16  Overlord x2  
  143  8:22  Hatchery  
  143  8:26  Zerg Missile Weapons Level 1  
  142  8:28  Drone x2  
  142  8:30  Drone  
  142  8:31  Infestation Pit  
  142  8:32  Drone  
  142  8:33  Drone x5  
  142  8:34  Overlord x2  
  150  8:39  Overlord  
  150  8:40  Overlord x2  
  150  8:51  Roach x8  
  150  8:54  Centrifugal Hooks  
  166  9:04  Zergling x22  
  177  9:17  Baneling x4  
  177  9:18  Ravager  
  177  9:19  Baneling x2, Ravager x6  
  177  9:20  Zergling x12  
  177  9:21  Zergling x10  
  195  9:25  Hive  
  195  9:34  Overseer  
  194  9:45  Ravager x2  
  191  9:57  Zergling x32  
  194  10:13  Zergling x10  
  199  10:19  Zergling x26  
  199  10:20  Zergling x2  
  200  10:23  Baneling x34  
  200  10:40  Zergling x2  
  198  10:46  Zergling x6  
  195  10:52  Zergling x12  
  195  10:55  Hatchery  
  195  10:56  Zergling x16  
Show
View Real Time Build Order
Export as new Build Order

Highdra Protoss 

Build Orders: 1 Gate Expand, Oracle Opening 

Get SALT Encoding   

  12  0:00  Probe  
  13  0:12  Probe  
  14  0:19  Pylon  
  14  0:24  Probe  
  15  0:37  Probe (Chrono Boost)  
  15  0:40  Gateway  
  16  0:47  Probe (Chrono Boost)  
  16  0:49  Assimilator  
  17  0:52  Probe (Chrono Boost)  
  18  1:04  Probe  
  19  1:16  Probe  
  20  1:26  Nexus  
  20  1:36  Cybernetics Core  
  20  1:38  Probe  
  21  1:45  Assimilator  
  21  1:50  Probe  
  21  1:53  Pylon  
  22  2:02  Probe  
  23  2:09  Adept (Chrono Boost)  
  23  2:14  Probe  
  26  2:22  Stargate  
  26  2:29  Probe (Chrono Boost), Adept (Chrono Boost)  
  29  2:37  Probe (Chrono Boost)  
  29  2:40  Warp Gate  
  31  2:46  Probe (Chrono Boost)  
  31  2:47  Probe (Chrono Boost)  
  32  2:52  Probe x2 (Chrono Boost), Adept  
  36  3:04  Probe  
  36  3:05  Probe  
  38  3:06  Oracle (Chrono Boost)  
  41  3:16  Probe, Pylon  
  41  3:17  Probe  
  43  3:27  Gateway  
  43  3:28  Probe  
  43  3:29  Probe  
  45  3:38  Oracle  
  45  3:40  Probe  
  45  3:41  Probe  
  50  3:50  Nexus  
  50  3:52  Pylon  
  50  3:54  Probe  
  51  3:56  Probe  
  52  4:04  Pylon  
  52  4:06  Probe  
  52  4:08  Probe  
  54  4:12  Assimilator  
  54  4:15  Assimilator, Oracle  
  57  4:19  Probe  
  57  4:20  Probe  
  57  4:21  Pylon  
  59  4:26  Twilight Council  
  59  4:32  Probe x2, Forge  
  61  4:44  Probe  
  61  4:45  Probe  
  63  4:53  Protoss Ground Weapons Level 1  
  63  4:56  Probe  
  63  4:57  Probe  
  63  4:58  Blink (Chrono Boost)  
  65  5:03  Gateway  
  65  5:04  Gateway  
  65  5:06  Gateway  
  65  5:07  Gateway  
  65  5:09  Probe  
  65  5:10  Probe  
  65  5:11  Probe  
  68  5:22  Probe (Chrono Boost)  
  68  5:23  Robotics Facility, Probe (Chrono Boost)  
  68  5:26  Probe (Chrono Boost)  
  71  5:33  Probe (Chrono Boost)  
  71  5:34  Probe (Chrono Boost)  
  71  5:36  Probe (Chrono Boost)  
  71  5:38  Probe (Chrono Boost)  
  71  5:39  Probe (Chrono Boost)  
  71  5:42  Stalker x2  
  77  5:46  Pylon, Probe  
  77  5:47  Pylon  
  77  5:49  Probe  
  79  5:50  Probe  
  79  5:55  Shield Battery  
  80  5:58  Probe  
  80  6:00  Stalker x3  
  80  6:01  Probe  
  88  6:05  Shield Battery  
  88  6:07  Sentry  
  88  6:08  Sentry, Shield Battery  
  88  6:09  Shield Battery  
  92  6:14  Stalker  
  92  6:17  Pylon  
  92  6:18  Pylon  
  94  6:22  Pylon  
  94  6:27  Adept x3  
  100  6:34  Stalker x2  
  100  6:37  Observer  
  105  6:43  Shield Battery  
  105  6:44  Sentry  
  81  6:56  Stalker x3  
  81  7:00  Probe x2  
  76  7:01  Stalker x2  
  76  7:05  Probe  
  70  7:12  Probe x2 (Chrono Boost)  
  64  7:15  Stalker  
  64  7:18  Probe (Chrono Boost)  
  67  7:24  Probe x2 (Chrono Boost)  
  67  7:29  Probe (Chrono Boost)  
  70  7:32  Probe x2 (Chrono Boost)  
  70  7:34  Probe (Chrono Boost)  
  70  7:36  Immortal  
  77  7:38  Probe x2  
  77  7:41  Stalker  
  77  7:43  Stalker  
  77  7:44  Probe  
  81  7:50  Probe  
  79  7:54  Stalker x2  
  80  8:01  Probe x2  
  80  8:02  Probe  
  81  8:16  Probe x3  
  84  8:21  Observer  
  84  8:23  Zealot  
  87  8:27  Assimilator  
  87  8:28  Probe x3  
  87  8:29  Assimilator  
  90  8:40  Stalker x3  
  96  8:43  Stalker  
  99  8:52  Warp Prism (Chrono Boost)  
  100  8:59  Stalker x2  
  104  9:04  Stalker  
  104  9:06  Stalker  
  108  9:10  Stalker  
  110  9:17  Stalker  
  110  9:22  Pylon  
  112  9:25  Stalker x2  
  112  9:30  Stalker  
  118  9:32  Stalker  
  120  9:42  Stalker  
  120  9:43  Stalker  
  107  10:05  Stalker x5  
  117  10:16  Stalker  
  119  10:23  Pylon  
  119  10:30  Stalker x5  
  125  10:55  Stalker x3  
  125  10:56  Stalker x3  
Tags
 
Add a new tag
Caveats
  • Supply blocks, unpowered buildings, or Contaminate may cause inaccurate times.
  • Supply counts are checked every 10 seconds.